 Dungeon Crawl Stone Soup version 0.18-a0-1774-gce1f7b6 (webtiles) character file.

105219 nono the Severer (level 15, -1/120 HPs)
             Began as a Deep Dwarf Berserker on Apr 15, 2016.
             Was an Elder of Trog.
             Shot with a bolt by a naga sharpshooter (16 damage)
             ... on level 1 of the Snake Pit.
             The game lasted 01:41:19 (21798 turns).

nono the Severer (Deep Dwarf Berserker)            Turns: 21798, Time: 01:41:21

Health: -1/120     AC: 35    Str: 22    XL:     15   Next: 94%
Magic:  9/13       EV: 16    Int: 14    God:    Trog [****..]
Gold:   1789       SH:  0    Dex: 18    Spells: 0 memorised, 14 levels left

rFire  . . .     SeeInvis +     a - +2 executioner's axe
rCold  . . .     Gourm    .     K - +3 plate armour of Abstinence {Regen+ SInv}
rNeg   + . .     Faith    .     (shield currently unavailable)
rPois  +         Spirit   .     (no helmet)
rElec  .         Dismiss  .     L - +0 cloak
rCorr  .         Reflect  .     W - +1 pair of gloves of Pride {MR+++ MP-9 Int+3}
SustAt .         Harm     +     o - +1 pair of boots
MR     +++++                    G - amulet of harm
Stlth  ..........               S - ring of poison resistance
                                n - +5 ring of protection

@: lethally poisoned (-1 -> -1), non-regenerating, almost entirely resistant to
hostile enchantments, extremely unstealthy
A: damage resistance, recharge devices, iridescent scales 1, agile 1, clever 1,
negative energy resistance 1, sense surroundings 2, slow regeneration 3
a: Device Recharging, Berserk, Trog's Hand, Brothers in Arms, Burn Spellbooks,
Renounce Religion


You were on level 1 of the Snake Pit.
You worshipped Trog.
Trog was greatly pleased with you.
You were hungry.

You visited 4 branches of the dungeon, and saw 26 of its levels.
You also visited: Labyrinth and Sewer.

You collected 2342 gold pieces.
You spent 553 gold pieces at shops.

Inventory:

Hand Weapons
 a - a +2 executioner's axe (weapon)
 b - a +2 battleaxe of chopping
Armour
 i - the +0 fire dragon armour of the Dwarven Hall {rF++ rC- rCorr Int-3 Dex+5}
   (You found it on level 11 of the Dungeon)

   It affects your intelligence (-3).
   It affects your dexterity (+5).
   It greatly protects you from fire.
   It makes you vulnerable to cold.
   It protects you from acid and corrosion.
 o - a +1 pair of boots (worn)
 K - the +3 plate armour of Abstinence (worn) {Regen+ SInv}
   (You found it in a labyrinth)

   It lets you see invisible.
   It increases your rate of regeneration.
 L - a +0 cloak (worn)
 W - the +1 pair of gloves of Pride (worn) {MR+++ MP-9 Int+3}
   (You found it on level 2 of the Lair of Beasts)

   It affects your intelligence (+3).
   It affects your resistance to hostile enchantments.
   It affects your magic capacity (-9).
Jewellery
 n - a +5 ring of protection (left hand)
 s - an uncursed ring of positive energy
 G - an amulet of harm (around neck)
 M - an uncursed ring of sustain attributes
 N - an uncursed ring of ice
 R - an uncursed amulet of guardian spirit {unknown}
 S - a ring of poison resistance (right hand)
 T - an uncursed amulet of dismissal {unknown}
 V - a +3 ring of slaying
 Y - the ring "Witymah" {rElec MR+ MP+9 Int+4 SInv}
   (You found it in a labyrinth)

   [ring of protection from magic]

   It affects your intelligence (+4).
   It insulates you from electricity.
   It affects your resistance to hostile enchantments.
   It affects your magic capacity (+9).
   It lets you see invisible.
Wands
 c - a wand of heal wounds (0/9)
 e - a wand of paralysis (9/24)
 h - a wand of iceblast (5/15)
 x - a wand of confusion (16/48)
 y - a wand of digging (15/24)
 P - a wand of enslavement (15/24)
 U - a wand of iceblast (5/15)
 X - a wand of disintegration (11/24)
Scrolls
 f - 5 scrolls of identify
 k - 11 scrolls of remove curse
 q - a scroll of blinking
 r - 5 scrolls of magic mapping
 u - 4 scrolls of teleportation
 w - 6 scrolls of recharging
 z - 3 scrolls of fear
 I - 3 scrolls of enchant armour
 J - 6 scrolls of fog
Potions
 j - 3 potions of brilliance
 l - 3 potions of agility
 m - a potion of ambrosia
 p - 6 potions of curing
 A - a potion of might
 B - a potion of resistance
 C - 2 potions of cancellation
 D - 7 potions of flight
 E - 3 potions of magic
 H - 2 potions of invisibility
 O - 3 potions of cure mutation
 Q - a potion of haste
Miscellaneous
 v - a legendary deck of destruction {drawn: 2}
Comestibles
 d - 12 bread rations
 g - 2 slices of pizza
 t - a beef jerky
 F - 10 meat rations
 Z - 23 fruits


   Skills:
 + Level 4.2 Fighting
 - Level 20.2 Axes
 - Level 14.4 Armour
 - Level 14.3 Dodging
 - Level 10.5 Evocations


You had 14 spell levels left.
You didn't know any spells.

Dungeon Overview and Level Annotations

Branches:
Dungeon (15/15)            Temple (0/1) D:6            Lair (8/8) D:8
  Snake (1/4) Lair:4        Slime (0/6) Lair:7          Orc (2/2) D:9
    Elf (0/3) Orc:2        Vaults (0/5) D:13
  Swamp: Lair:3-6    Shoals: Lair:3-6    Depths: D:15

Altars:
Ashenzari
Elyvilon
Fedhas
Gozag
Okawaru
Trog
Vehumet
Xom
Zin

Shops:
D:4 (   D:5 :   D:6 =   D:11 [   Orc:1 =[}   Orc:2 (*=[}

Annotations:
D:12 exclusions: obsidian statue and orange crystal statue


Innate Abilities, Weirdness & Mutations

You are resistant to damage.
You can recharge devices by infusing magical energy.
You resist negative energy.
You passively map the area around you.
You do not regenerate naturally.
You are partially covered in iridescent scales (AC +4).
You are agile. (Dex +2)
Your mind is acute. (Int +2)


Message History

The black mamba is lightly wounded.
You closely miss the black mamba. The black mamba barely misses you.
The black mamba bites you but does no damage. x2
The black mamba bites you!
* * * LOW HITPOINT WARNING * * *
Unknown command.
Evoke which item? (* to show all) (? for menu, Esc to quit)
Okay, then.
Evoke which item? (* to show all) (? for menu, Esc to quit)
You draw a card...
It is the Hammer.
You have drawn the Hammer.
Press: ? - help, Shift-Dir - straight line, f - black mamba
Aim: a black mamba (lightly wounded)
The crystal spear hits the black mamba.
You kill the black mamba!
Trog accepts your kill.
You hear an angry hiss.
The black mamba closely misses you.
The naga sharpshooter shoots a bolt.
The bolt hits you!
You die...

* ** #####
###* * ,,
#...####.. , ,
#.....##.# *
#<.)#.##.# ,
##....##.###
#....##...#
#........(#
#######S@.# *
#)### * ,
#...?.NN..#
#......N.$.#,
,
#...##...#...,
* ###
###.##.... * ,
*.# ..##, ..
..# .. .., ,


You could see a naga sharpshooter, a naga ritualist, a black mamba and a naga.

Vanquished Creatures
  Rupert (Lair:6)
  Gastronok (D:10)
  Maud (D:10)
  Aizul (Snake:1)
  An orc warlord (Orc:2)
  Nessos (Lair:5)
  Azrael (D:12)
  A dire elephant (D:15)
  Snorg (Lair:8)
  A vault guard (D:13)
  A minotaur (Lab)
  Fannar (Lair:2)
  4 hydras
  5 centaur warriors
  2 catoblepae
  A naga sharpshooter (Snake:1)
  3 orc high priests (Orc:2)
  Sonja (D:12)
  An unseen horror (D:12)
  5 large abominations (D:11)
  A wizard (D:11)
  5 hill giants
  A harpy (D:14)
  A mana viper (Snake:1)
  4 orc knights
  A wolf spider (D:12)
  3 manticores
  9 ugly things
  4 orc sorcerers
  A cyclops (D:10)
  A griffon (D:13)
  8 elephants (Lair:2)
  4 black mambas
  Psyche (D:8)
  An efreet (D:14)
  21 spiny frogs
  A kobold demonologist (D:13)
  2 rime drakes
  2 komodo dragons
  A harpy zombie (D:14)
  A polar bear (Lair:5)
  A minotaur zombie (Lab)
  7 giant leeches
  2 two-headed ogres
  11 trolls
  A polar bear (shapeshifter) (D:13)
  Grinder (D:3)
  3 slime creatures
  13 blink frogs
  A boulder beetle (D:10)
  45 yaks
  2 water elementals (D:14)
  3 wyverns
  A shadow (D:13)
  8 redbacks (D:12)
  7 small abominations (D:11)
  4 fire elementals (D:12)
  The ghost of George the Skirmisher, an amateur FoFi of Makhleb (D:3)
  3 basilisks
  11 vampire mosquitoes
  6 hippogriffs
  3 hungry ghosts
  3 wargs (Orc:2)
  Menkaure (D:7)
  2 mottled dragons
  2 nagas (Lair:4)
  4 swamp worms (Lair:3)
  18 water moccasins
  2 hell hounds (D:8)
  3 ice beasts
  14 porcupines
  32 orc warriors
  3 sky beasts
  3 eyes of draining
  6 phantoms
  A necrophage (D:7)
  9 wolves (Lair:5)
  11 centaurs
  7 ogres
  9 crocodiles
  2 big kobolds (D:14)
  47 giant frogs
  A gnoll sergeant (D:7)
  4 scorpions
  14 killer bees
  5 howler monkeys
  6 wights (D:13)
  8 electric eels
  3 crimson imps
  A quasit (D:6)
  5 centaur zombies
  3 giant frog zombies
  5 hounds
  11 jellies
  10 orc priests
  21 orc wizards
  Jessica (D:2)
  5 centaur skeletons
  17 iguanas
  12 worker ants
  A killer bee zombie (D:10)
  4 sheep (Lair:5)
  8 ogre zombies (D:9)
  2 hound skeletons
  A worker ant zombie (D:5)
  18 adders
  7 gnolls
  72 river rats
  3 shadow imps
  15 oozes
  3 adder skeletons
  6 worms
  4 dart slugs
  5 giant geckos
  87 orcs
  2 bats
  6 giant cockroaches
  9 goblins
  4 hobgoblins
  10 jackals
  8 quokkas
  3 ball pythons
  A giant gecko skeleton (D:7)
  11 giant newts
  A goblin skeleton (D:9)
  2 goblin zombies (D:9)
  2 hobgoblin zombies (D:9)
  13 kobolds
  20 orc zombies (D:9)
  17 rats
  10 fungi
  8 plants
915 creatures vanquished.

Vanquished Creatures (collateral kills)
  A salamander (Snake:1)
1 creature vanquished.

Vanquished Creatures (others)
  An electric eel (D:14)
  An orc wizard (Orc:2)
  A kobold (D:14)
  11 fungi
  3 plants
17 creatures vanquished.

Grand Total: 933 creatures vanquished

Notes
Turn   | Place    | Note
--------------------------------------------------------------
     0 | D:1      | nono the Deep Dwarf Berserker began the quest for the Orb.
     0 | D:1      | Reached XP level 1. HP: 20/20 MP: 1/1
   170 | D:1      | Reached XP level 2. HP: 21/27 MP: 2/2
   285 | D:1      | Reached XP level 3. HP: 9/33 MP: 3/3
   390 | D:1      | You fall through a shaft!
   548 | D:2      | Reached ** piety under Trog
   548 | D:2      | Reached skill level 4 in Axes
   663 | D:2      | Reached XP level 4. HP: 34/40 MP: 4/4
   725 | D:2      | Noticed Jessica
   745 | D:2      | Killed Jessica
  1034 | D:3      | Noticed George's ghost (amateur FoFi)
  1045 | D:3      | Killed George's ghost
  1045 | D:3      | Reached XP level 5. HP: 46/46 MP: 5/5
  1085 | D:3      | Noticed Grinder
  1092 | D:3      | Killed Grinder
  1092 | D:3      | Reached skill level 5 in Axes
  1092 | D:3      | Reached skill level 5 in Armour
  1092 | D:3      | Reached XP level 6. HP: 55/55 MP: 6/6
  1250 | D:3      | Found a glowing silver altar of Zin.
  1530 | D:3      | Found an opulent altar of Gozag.
  1533 | D:3      | Found a radiant altar of Vehumet.
  1537 | D:3      | Found a shimmering altar of Xom.
  1537 | D:3      | Found a white marble altar of Elyvilon.
  1538 | D:3      | Found a shattered altar of Ashenzari.
  1822 | D:3      | Reached skill level 5 in Dodging
  1928 | D:3      | Noticed a moth of wrath
  1931 | D:3      | Found a bloodstained altar of Trog.
  2001 | D:3      | Reached XP level 7. HP: 32/61 MP: 7/7
  2176 | D:4      | Reached *** piety under Trog
  2252 | D:4      | Found Wumubayn's Weapon Emporium.
  2268 | D:4      | Reached skill level 6 in Axes
  3012 | D:5      | Entered Level 5 of the Dungeon
  3055 | D:5      | Reached skill level 7 in Axes
  3055 | D:5      | Reached XP level 8. HP: 56/68 MP: 8/8
  3057 | D:5      | Found Diteam's Book Emporium.
  3059 | D:5      | Found a shattered altar of Ashenzari.
  3202 | D:5      | Found an iron altar of Okawaru.
  3203 | D:5      | Reached **** piety under Trog
  3304 | D:5      | Reached skill level 8 in Axes
  3996 | D:6      | Found a staircase to the Ecumenical Temple.
  4028 | D:6      | Found Ukonteh's Jewellery Shop.
  4148 | D:6      | Found a glowing drain.
  4152 | Sewer    | Entered a sewer
  4535 | D:6      | Reached skill level 9 in Axes
  4605 | D:6      | Reached ***** piety under Trog
  4605 | D:6      | Gained mutation: You passively map the area around you. [Deep Dwarf growth]
  4605 | D:6      | Reached XP level 9. HP: 74/74 MP: 9/9
  4831 | D:6      | Reached skill level 10 in Axes
  5215 | D:7      | Noticed Menkaure
  5223 | D:7      | Killed Menkaure
  5386 | D:7      | Reached XP level 10. HP: 49/81 MP: 10/10
  5723 | D:7      | Reached skill level 11 in Axes
  5923 | D:8      | Noticed Psyche
  5929 | D:8      | Killed Psyche
  5941 | D:8      | Found a staircase to the Lair.
  6582 | D:6      | Bought an uncursed ring of poison resistance for 280 gold pieces
  6694 | D:9      | Found a staircase to the Orcish Mines.
  6931 | D:9      | Reached skill level 12 in Axes
  6959 | Orc:1    | Entered Level 1 of the Orcish Mines
  7051 | Orc:1    | Found Efuhur's Jewellery Boutique.
  7051 | Orc:1    | Found Anwutusa's Armour Shoppe.
  7054 | Orc:1    | Found Ronet's Gadget Emporium.
  7119 | Orc:2    | Entered Level 2 of the Orcish Mines
  7119 | Orc:2    | Found Ajaif's Antique Armour Boutique.
  7119 | Orc:2    | Noticed an orc knight
  7464 | D:9      | Found a blossoming altar of Fedhas.
  7719 | D:10     | Entered Level 10 of the Dungeon
  7719 | D:10     | Noticed a cyclops
  7788 | Lair:1   | Entered Level 1 of the Lair of Beasts
  7814 | Lair:1   | Reached XP level 11. HP: 60/88 MP: 11/11
  7975 | Lair:1   | Reached skill level 10 in Armour
  7975 | Lair:1   | Reached skill level 10 in Dodging
  8147 | Lair:1   | Reached skill level 13 in Axes
  8958 | Lair:2   | Noticed Fannar
  8980 | Lair:2   | Killed Fannar
  9136 | Lair:2   | Reached skill level 14 in Axes
  9525 | Lair:2   | Got a pair of bloodstained gloves
  9536 | Lair:2   | Identified the +1 pair of gloves of Pride {MR+++ MP-9 Int+3} (You found it on level 2 of the Lair of Beasts)
  9875 | Lair:3   | Noticed a seven-headed hydra
 10179 | Lair:3   | Reached XP level 12. HP: 29/96 MP: 3/12
 10180 | Lair:3   | Reached skill level 16 in Axes
 10180 | Lair:3   | Reached XP level 13. HP: 31/102 MP: 4/13
 10397 | D:4      | Bought a +0 executioner's axe for 140 gold pieces
 10625 | Lair:4   | Found a staircase to the Snake Pit.
 10791 | Lair:4   | Gained mutation: Your mind is acute. (Int +2) [potion of mutation]
 10791 | Lair:4   | Gained mutation: You are agile. (Dex +2) [potion of mutation]
 10791 | Lair:4   | Gained mutation: You are partially covered in iridescent scales (AC +4). [potion of mutation]
 11511 | Lair:5   | Reached skill level 17 in Axes
 11633 | Lair:5   | Noticed Nessos
 11659 | Lair:5   | Killed Nessos
 11735 | Lair:5   | Found a labyrinth entrance.
 11744 | Lab      | Entered a labyrinth
 12019 | Lab      | Noticed a minotaur
 12026 | Lab      | Killed a minotaur
 12039 | Lab      | Got a translucent pewter ring
 12041 | Lab      | Identified the ring "Witymah" {rElec MR+ MP+9 Int+4 SInv} (You found it in a labyrinth)
 12064 | Lab      | Got a smoking plate armour
 12077 | Lab      | Identified the +3 plate armour of Abstinence {Regen+ SInv} (You found it in a labyrinth)
 12091 | Lab      | Got a transparent shadow dragon armour
 12104 | Lab      | Identified the +0 shadow dragon armour of Eternal Vigilance {rCorr Str-3 Int+2 Stlth++++} (You found it in a labyrinth)
 12542 | Lair:6   | Reached skill level 1 in Evocations
 12865 | Lair:6   | Noticed Rupert
 12883 | Lair:6   | Killed Rupert
 13464 | Lair:7   | Found a staircase to the Slime Pits.
 14058 | Lair:8   | Entered Level 8 of the Lair of Beasts
 14195 | Lair:7   | Reached skill level 18 in Axes
 14195 | Lair:7   | Gained mutation: You resist negative energy. [Deep Dwarf growth]
 14195 | Lair:7   | Reached XP level 14. HP: 58/109 MP: 8/17
 14242 | Lair:7   | Reached skill level 5 in Evocations
 14347 | Lair:8   | Noticed Snorg
 14364 | Lair:8   | Killed Snorg
 14364 | Lair:8   | Received a gift from Trog
 15218 | Orc:2    | Found Estie's Jewellery Boutique.
 15218 | Orc:2    | Noticed an orc warlord
 15234 | Orc:2    | Killed an orc warlord
 15287 | Orc:2    | Found Bouf's General Store.
 15329 | Orc:2    | Bought a scroll of recharging for 133 gold pieces
 15405 | Orc:2    | Found Feamp's Gadget Emporium.
 15552 | Orc:2    | Found a staircase to the Elven Halls.
 15609 | Orc:2    | Found Oxtot's Antique Weapon Boutique.
 16436 | D:10     | Noticed Gastronok
 16436 | D:10     | Noticed Maud
 16528 | D:10     | Reached skill level 19 in Axes
 16551 | D:10     | Received a gift from Trog
 16608 | D:10     | Found a bloodstained altar of Trog.
 16619 | D:10     | Killed Maud
 16676 | D:10     | Killed Gastronok
 17129 | D:11     | Identified a scroll of acquirement
 17161 | D:11     | Reached XP level 15. HP: 115/115 MP: 12/21
 17237 | D:11     | Got an ichor-stained fire dragon armour
 17248 | D:11     | Identified the cursed +0 fire dragon armour of the Dwarven Hall {rF++ rC- rCorr Int-3 Dex+5} (You found it on level 11 of the Dungeon)
 17428 | D:11     | Found Ytsoluimoh's Armour Shoppe.
 17872 | D:12     | Noticed Sonja
 17883 | D:12     | Killed Sonja
 18406 | D:12     | Received a gift from Trog
 18726 | D:12     | Noticed Azrael
 18733 | D:12     | Killed Azrael
 19442 | D:13     | Got a spiked ring mail
 19443 | D:13     | Identified the +1 ring mail of Leaves {Str+3} (You found it on level 13 of the Dungeon)
 19588 | D:13     | Found a gate to the Vaults.
 20159 | D:14     | Reached skill level 10 in Evocations
 20191 | D:14     | Reached skill level 20 in Axes
 20567 | D:15     | Entered Level 15 of the Dungeon
 21627 | Snake:1  | Entered Level 1 of the Snake Pit
 21627 | Snake:1  | Noticed Aizul
 21672 | Snake:1  | Killed Aizul
 21798 | Snake:1  | Shot with a bolt by a naga sharpshooter

Vault maps used:
D:1:      moated_graveyard_arrival, hex_large
D:2:      solitary_fountain, uniq_jessica
D:3:      tgw_trog, minitemple, lemuel_crystal_altar, kennysheep_generic_room_4,
          uniq_grinder
D:4:      serial_shops, shop
D:5:      okawaru_metal_pillars_1_2, first_bread, serial_shops, shop,
          nicolae_ashenzari_panopticon
D:6:      lemuel_slime, minmay_temple_entry_enclosed_plants,
          gup_sewer_entry_bowl, serial_shops, shop
D:7:      uniq_menkaure
D:8:      minmay_lair_entry_lava, uniq_psyche
D:9:      zombieorc2_lemuel, hangedman_tree_tricks
D:10:     boulder_corridor_run, basic_altar, st_stairs_11,
          minmay_misc_feat_pillars, hex_tiny, uniq_gastronok, uniq_maud
D:11:     serial_shops, shop, laboratory
D:12:     minmay_separated_statues, spider_trap, uniq_sonja, uniq_azrael
D:13:     david_vaults_5
D:14:     serial_park_square3
D:15:     hangedman_depths_entry_try_elsewhere_first
Lair:2:   serial_bayou_lagoon_b, lemuel_fruit_tree, uniq_fannar
Lair:3:   nicolae_swamp_entry_splash_gauntlet, infiniplex_staircase_pool_2,
          grunt_megastairs_2
Lair:4:   guppyfry_snake_entry_garden
Lair:5:   lab_entry_generic, uniq_nessos
Lair:6:   uniq_rupert
Lair:7:   minmay_slime_entry_pillars, pond, infiniplex_staircase_pool,
          serial_bayou_shore_a
Lair:8:   minmay_lair_end_frog_pond, st_stairs_13, uniq_snorg
Snake:1:  uniq_aizul
Orc:1:    serial_shops, shop, shop, nicolae_shop_temple_entry_statues_fountains
Orc:2:    grunt_orc_gardens, grunt_orc_garden, grunt_orc_garden,
          grunt_orc_garden, grunt_orc_garden, serial_shops, shop,
          portal_ice_cave_entry_pillars_01
Lab:      labyrinth_hidden_loot, lab_fountain
Sewer:    sewer_co_cracked_pipes

Skill      XL: |  1  2  3  4  5  6  7  8  9 10 11 12 13 14 15 |
---------------+----------------------------------------------+-----
Armour         | 3 4 5 6 7 8 9 11 12 13 14 | 14.4
Axes           | 4 5 7 9 10 12 14 16 18 19 20 | 20.2
Dodging        | 3 4 5 7 8 9 11 12 13 14 | 14.3
Evocations     | 4 8 10 | 10.5
Fighting       | 4 |  4.2

Action                   |  1- 3 |  4- 6 |  7- 9 | 10-12 | 13-15 || total
-------------------------+-------+-------+-------+-------+-------++-------
Melee: Hand axe          |   140 |   157 |   125 |       |       ||   422
       War axe           |       |       |   519 |   661 |    13 ||  1193
       Unarmed           |       |       |       |     8 |       ||     8
       Executioner's axe |       |       |       |       |   359 ||   359
       Battleaxe         |       |       |       |       |  1204 ||  1204
Invok: Berserk           |       |     3 |     5 |     6 |    10 ||    24
       Trog's Hand       |       |     2 |     8 |    19 |    57 ||    86
       Burn Spellbooks   |       |       |     1 |       |     4 ||     5
       Brothers in Arms  |       |       |       |       |     2 ||     2
Evoke: Wand              |     1 |       |     1 |     2 |    25 ||    29
       Deck              |       |       |       |       |     2 ||     2
  Use: Scroll            |       |       |       |    13 |    23 ||    36
       Potion            |       |       |       |     4 |    19 ||    23
 Stab: Confused          |       |       |       |     1 |       ||     1
       Sleeping          |       |       |       |       |     1 ||     1
  Eat: Chunk             |       |     7 |    19 |    20 |    56 ||   102
       Bread ration      |       |       |       |     1 |     1 ||     2
       Fruit             |       |       |       |     1 |       ||     1
       Beef jerky        |       |       |       |     1 |     1 ||     2
       Royal jelly       |       |       |       |       |     1 ||     1
Armor: Animal skin       |    13 |       |       |       |       ||    13
       Ring mail         |    45 |    57 |   236 |   207 |   145 ||   690
       Skin              |       |       |       |     2 |       ||     2
       Plate armour      |       |       |       |       |   779 ||   779
Dodge: Dodged            |   107 |   115 |   454 |   456 |  1155 ||  2287
